 Dungeon Crawl Stone Soup version 0.21-a0-176-gb3d4b37 (webtiles) character file.

257 Kurtz the Chiller (level 6, -13/32 HPs)
             Began as a Kobold Ice Elementalist on Aug 8, 2017.
             Mangled by an ogre
             ... wielding a +0 giant club
              (23 damage)
             ... on level 4 of the Dungeon.
             The game lasted 00:09:18 (10830 turns).

Kurtz the Chiller (Kobold Ice Elementalist)        Turns: 10830, Time: 00:09:19

Health: -13/32     AC: 13    Str:  5    XL:     6   Next: 39%
Magic:  6/12       EV: 16    Int: 18    God:
Gold:   218        SH:  0    Dex: 16    Spells: 3/13 levels left

rFire    . . .     SeeInvis .   u - +0 morningstar
rCold    . . .     Gourm    .   (shield restricted)
rNeg     . . .     Faith    .   a - +0 robe
rPois    +         Spirit   .   q - +0 helmet
rElec    .         Reflect  .   (no cloak)
rCorr    .         Harm     .   w - +0 pair of gloves
MR       .....                  (no boots)
Stlth    ++........             (no amulet)
HPRegen  0.10/turn              m - +3 ring of protection
MPRegen  0.13/turn              r - ring of poison resistance

@: icy armour, slow
A: carnivore 3
a: no special abilities


You were on level 4 of the Dungeon.
You were not hungry.

You visited 1 branch of the dungeon, and saw 4 of its levels.

You collected 218 gold pieces.

Inventory:

Hand Weapons
 f - a +0 hand axe
 u - a +0 morningstar (weapon)
Armour
 a - a +0 robe (worn)
 l - a +0 hat
 q - a +0 helmet (worn)
 w - a +0 pair of gloves (worn)
Jewellery
 m - a +3 ring of protection (left hand)
 r - a ring of poison resistance (right hand)
Scrolls
 d - 2 scrolls of recharging {unknown}
 g - 4 scrolls of identify {unknown}
 h - a scroll of magic mapping {unknown}
 i - 2 scrolls of fear {unknown}
 k - 3 scrolls of amnesia {unknown}
 t - a scroll of teleportation {unknown}
 y - a scroll of enchant armour {unknown}
 A - a scroll of remove curse {unknown}
Potions
 e - 2 potions of curing {unknown}
 n - a potion of might {unknown}
 o - 2 potions of magic {unknown}
 s - a potion of lignification {unknown}
 v - 2 potions of brilliance {unknown}
 x - 2 potions of resistance {unknown}
 z - a potion of mutation {unknown}
Books
 b - a book of Frost

   Spells                             Type                      Level
   a - Freeze                         Ice                          1
   b - Throw Frost                    Conjuration/Ice              2
   c - Ozocubu's Armour               Charms/Ice                   3
   d - Throw Icicle                   Conjuration/Ice              4
   e - Summon Ice Beast               Ice/Summoning                4
 p - a book of Changes

   Spells                             Type                      Level
   a - Beastly Appendage              Transmutation                1
   b - Sticks to Snakes               Transmutation                2
   c - Spider Form                    Transmutation/Poison         3
   d - Ice Form                       Ice/Transmutation            4
   e - Blade Hands                    Transmutation                5
Comestibles
 c - 3 meat rations
 j - 5 royal jellies


   Skills:
 * Level 2.8 Dodging
 - Level 2.6 Stealth
 * Level 4.3 Spellcasting
 * Level 1.9 Conjurations
 * Level 1.3 Charms
 * Level 4.6 Ice Magic


You had 3 spell levels left.
You knew the following spells:

 Your Spells              Type           Power        Failure   Level  Hunger
a - Freeze                Ice            ###.         2%          1    None
b - Throw Frost           Conj/Ice       ###...       5%          2    ##.....
c - Ozocubu's Armour      Chrm/Ice       ##......     13%         3    ###....
d - Throw Icicle          Conj/Ice       ###.....     36%         4    ####...


Dungeon Overview and Level Annotations

Branches:
Dungeon (4/15)
 Temple: D:4-7

Altars:


Innate Abilities, Weirdness & Mutations

You are small and have problems with some larger weapons.
You are carnivorous and can eat meat at any time.


Message History

Your icy armour starts to melt.
Your icy armour evaporates.
The ogre hits you with a giant club!!
Ouch! That really hurt!
* * * LOW HITPOINT WARNING * * *
A worker ant comes into view.
The worker ant twitches its antennae in your direction.
Casting: Ozocubu's Armour
Confirm with . or Enter, or press ? or * to list all spells.
A film of ice covers your body!
Casting: Ozocubu's Armour
Confirm with . or Enter, or press ? or * to list all spells.
Aiming: Freeze
Press: ? - help, Shift-Dir - straight line, f/p - ogre
Aim: an ogre, wielding a giant club You freeze the ogre.
The ogre is moderately wounded.
The ogre hits you with a giant club!!
Ouch! That really hurt!
You die...

.# #.##.............# .#
#########.....###. ##
.........#.....)
#######.....### #.....#
##..### #..# #######..#
#.@a.....# #.###O#####.##
#..........#
#.###.####### #.# #.
.###.## ############ #.#
...##..###..........#
#..............########.#
#.##...#.#.#...########.#


You could see an ogre and a worker ant.

Vanquished Creatures
  A hound (D:4)
  2 orc priests (D:3)
  Robin (D:4)
  2 adders (D:2)
  An ooze (D:1)
  An adder skeleton (D:4)
  5 worms
  4 dart slugs
  3 leopard geckos
  10 orcs
  8 bats
  7 giant cockroaches
  15 goblins
  8 hobgoblins
  3 jackals (D:1)
  11 kobolds
  4 quokkas
  A ball python (D:3)
  4 frilled lizards
  4 rats
95 creatures vanquished.

Notes
Turn   | Place    | Note
-------+----------+-------------------------------------------
     0 | D:1      | Kurtz the Kobold Ice Elementalist began the quest for the Orb.
     0 | D:1      | Reached XP level 1. HP: 10/10 MP: 3/3
   200 | D:1      | Reached XP level 2. HP: 6/15 MP: 1/5
   621 | D:1      | Reached XP level 3. HP: 14/19 MP: 1/7
   686 | D:1      | Learned a level 2 spell: Throw Frost
   690 | D:1      | Learned a level 3 spell: Ozocubu's Armour
  1315 | D:2      | Reached XP level 4. HP: 14/24 MP: 5/8
  3177 | D:3      | Reached XP level 5. HP: 27/28 MP: 1/10
  3459 | D:3      | Reached skill level 1 in Charms
  4118 | D:4      | Noticed Robin
  4122 | D:4      | Killed Robin
  4297 | D:4      | Reached XP level 6. HP: 32/32 MP: 2/12
  4303 | D:4      | Learned a level 4 spell: Throw Icicle
  4410 | D:4      | Noticed a phantom
 10770 | D:4      | Noticed an ogre
 10830 | D:4      | Mangled by an ogre

Vault maps used:
D:1:      matt_arrival_grand_opening
D:2:      roderic_roman_lattice
D:4:      first_bread, minmay_cut_off, uniq_robin

Skill      XL: |  1  2  3  4  5 |
---------------+----------------+-----
Spellcasting   | 3 4 |  4.3
Ice Magic      | 4 |  4.6
Charms         | 1 |  1.3
Dodging        | |  2.8
Stealth        | |  2.6
Conjurations   | |  1.9

Action                   |  1- 3 |  4- 6 || total
-------------------------+-------+-------++-------
Melee: Unarmed           |    10 |       ||    10
       Hand axe          |    56 |    48 ||   104
       Morningstar       |       |    15 ||    15
 Cast: Freeze            |    38 |    59 ||    97
       Throw Frost       |     2 |    53 ||    55
       Ozocubu's Armour  |     1 |     9 ||    10
       Throw Icicle      |       |     3 ||     3
 Stab: Sleeping          |     2 |     1 ||     3
  Eat: Chunk             |    10 |    25 ||    35
Armor: Robe              |    26 |    30 ||    56
Dodge: Dodged            |    91 |    86 ||   177
